 Dungeon Crawl Stone Soup version 0.32-a0-163-g159c032296 (webtiles) character file.

Game seed: 1204700961868821711

32 CougarLife the Shield-Bearer (level 3, -1/33 HPs)
             Began as a Minotaur Fighter on Feb 11, 2024.
             Killed from afar by an orc wizard (8 damage)
             ... with a puff of flame
             ... on level 2 of the Dungeon.
             The game lasted 00:00:44 (806 turns).

CougarLife the Shield-Bearer (Minotaur Fighter)      Turns: 806, Time: 00:00:45

Health: -1/33      AC:  7    Str: 22    XL:     3   Next: 10%
Magic:  2/2        EV:  9    Int:  5    God:
Gold:   83         SH:  0    Dex:  9    Spells: 2/2 levels left

rFire   . . .        a - +0 war axe
rCold   . . .        c - +0 buckler
rNeg    . . .        b - +0 scale mail
rPois   .            (helmet restricted)
rElec   .            (no cloak)
rCorr   .            (no gloves)
SInv    .            (no boots)
Will    .....        (no amulet) Stlth
                     (no ring)
HPRegen 0.25/turn    (no ring)
MPRegen 0.08/turn

%: no passive effects
@: confused
A: horns 2, retaliatory headbutt
a: no special abilities


You were on level 2 of the Dungeon.
You visited 1 branch of the dungeon, and saw 2 of its levels.

You collected 83 gold pieces.

Inventory:

Hand Weapons
 a - a +0 war axe (weapon)
Missiles
 i - 3 poisoned darts (quivered)
Armour
 b - a +0 scale mail (worn)
 c - a +0 buckler (worn)
Scrolls
 e - a scroll of fear {unknown}
 f - 2 scrolls of identify {unknown}
 j - a scroll of noise {unknown}
 k - a scroll of blinking {unknown}
 l - 3 scrolls of enchant weapon {unknown}
 m - a scroll of brand weapon {unknown}
 n - a scroll of poison {unknown}
Potions
 d - a potion of might
 g - a potion of degeneration {unknown}
 h - 2 potions of heal wounds {unknown}


   Skills:
 + Level 4.0 Fighting
 * Level 3.3 Axes
 - Level 4.0 Armour
 - Level 4.0 Shields


You had 2 spell levels left.
You didn't know any spells.
Your spell library was empty.

Dungeon Overview and Level Annotations

Branches:
Dungeon (2/15)

Altars:


Innate Abilities, Weirdness & Mutations

You have a pair of horns on your head.
You reflexively headbutt those who attack you in melee.


Message History

The orc hits you but does no damage.
The orc wizard hits you but does no damage.
You miss the orc wizard. Your headbutt misses the orc wizard.
The orc wizard is moderately wounded.
You closely miss the orc. x2; The orc hits you but does no damage.
The orc barely misses you.
The orc wizard hits you with a +0 dagger.
You hit the orc wizard. Your headbutt misses the orc wizard.
The orc wizard is moderately wounded.
You miss the orc. You barely miss the orc. The orc hits you with a +0 hand axe.
The orc barely misses you.
The orc wizard hits you but does no damage.
You hit the orc wizard.
The orc wizard is moderately wounded.
You completely miss the orc. You miss the orc.
The orc hits you with a +0 hand axe. The orc wizard barely misses you.
Something hits you.
The orc wizard points at you and mumbles some strange words.
You are more confused.
The orc barely misses you. x2
You barely miss the orc wizard.
The orc wizard is moderately wounded.
You closely miss the orc. x2; You miss something.
The orc barely misses you. The orc closely misses you.
The orc wizard hits you with a +0 dagger.
Something hits you but does no damage.
You miss the orc. You miss something. You barely miss the orc.
You miss the orc. You miss the orc wizard. The orc completely misses you.
The orc hits you with a +0 club. The orc hits you but does no damage.
The orc wizard barely misses you. Something hits you.
You slash the orc!
You kill the orc!
You closely miss the orc. You hit the orc. You hit the orc wizard.
You miss something. The orc hits you with a +0 hand axe.
The orc hits you with a +0 whip.
* * * LOW HITPOINT WARNING * * *
The orc wizard barely misses you. Something hits you but does no damage.
The orc wizard casts a spell at you. The puff of flame hits you!
You die...

##'## #)# ##### #
##.######...###
#####..............
#.......####....###
#..........#.#.## #
######..........#.#.#
......o.)...##..#.#.#
#o@o...##......#
#####..###.#.###
#..<.....# ##########


You could see an orc wizard and 2 orcs.

Vanquished Creatures
  An orc (D:2)
  3 bats
  7 endoplasms
  A giant cockroach (D:1)
  A goblin (D:2)
  2 hobgoblins (D:2)
  3 kobolds
  2 quokkas
  5 ball pythons
  2 frilled lizards (D:1)
  4 rats
31 creatures vanquished.

Notes
Turn   | Place    | Note
-------+----------+-------------------------------------------
     0 | D:1      | CougarLife the Minotaur Fighter began the quest for the
                  | Orb.
     0 | D:1      | Reached XP level 1. HP: 19/19 MP: 0/0
   104 | D:1      | Reached XP level 2. HP: 26/26 MP: 1/1
   650 | D:2      | Reached XP level 3. HP: 33/33 MP: 2/2
   806 | D:2      | Killed from afar by an orc wizard

Illustrated notes

Levels and vault maps discovered:
D:1:      evilmike_arrival_plus, layout_rooms
D:2:      layout_loops_corners

Skill      XL: |  1  2 |
---------------+-------+-----
Armour         | 4 |  4.0
Shields        | 4 |  4.0
Axes           | 3 |  3.3
Fighting       | 4 |  4.0

Action                     || total
---------------------------++-------
  Melee: War axe           ||    66
         Headbutt          ||     4
 Armour: Scale mail        ||    57
  Dodge: Dodged            ||    36
  Block: Buckler           ||    18

Table legend: (Time is in decaauts)
 A = Elapsed time spent in this place.
 B = Non-inter-level travel time spent in this place.
 C = Inter-level travel time spent in this place.
 D = Time resting spent in this place.
 E = Time spent auto-exploring this place.
 F = Levels seen in this place.
 G = Mean time per level.
                   A        B        C        D        E       F      G
               +--------+--------+--------+--------+--------+-----+--------+
         Total |    830 |    797 |     33 |      0 |    625 |   2 |  415.0 |
       Dungeon |    830 |    797 |     33 |      0 |    625 |   2 |  415.0 |
               +--------+--------+--------+--------+--------+-----+--------+

Top non-repeatable levels by time:
     D:1: 440 daAuts
     D:2: 389 daAuts
